 Dungeon Crawl Stone Soup version 0.18.1-8-gdd0e5ea (webtiles) character file.

11279 Gargoyl the Protected (level 11, -1/84 HPs)
             Began as a Demonspawn Abyssal Knight on June 1, 2016.
             Was the Champion of Lugonu.
             Killed by divine providence
             ... invoked by an orc high priest
              (12 damage)
             ... on level 2 of the Orcish Mines.
             The game lasted 00:23:33 (11422 turns).

Gargoyl the Protected (Demonspawn Abyssal Knight)  Turns: 11422, Time: 00:23:34

Health: -1/84      AC: 24    Str: 24    XL:     11   Next: 47%
Magic:  12/13      EV: 10    Int: 12    God:    Lugonu [******]
Gold:   640        SH:  0    Dex: 13    Spells: 0 memorised, 10 levels left

rFire  + . .     SeeInvis .     N - +0 battleaxe
rCold  + . .     Gourm    .     J - +6 chain mail of Divine Compulsion {rC+ rCorr Str+4 Dex-4}
rNeg   . . .     Faith    .     (shield currently unavailable)
rPois  .         Spirit   .     (no helmet)
rElec  .         Dismiss  .     z - +2 cloak
rCorr  +         Reflect  .     (gloves unavailable)
SustAt .         Harm     .     C - +1 pair of boots
MR     .....                    (no amulet)
Stlth  ..........               x - +4 ring of strength
                                y - +5 ring of dexterity

@: not resistant to hostile enchantments, extremely unstealthy
A: claws 3, dopey 1, fire resistance 1, regeneration 1, spiny 1, sturdy frame 1
a: Depart the Abyss, Bend Space, Banish, Corrupt, Enter the Abyss, Brand Weapon
With Distortion, Renounce Religion


You were on level 2 of the Orcish Mines.
You worshipped Lugonu.
Lugonu was exalted by your worship.
You were not hungry.

You visited 2 branches of the dungeon, and saw 12 of its levels.
You visited the Abyss 1 time.

You collected 967 gold pieces.
You spent 327 gold pieces at shops.

Inventory:

Hand Weapons
 a - a +0 flail
 N - a +0 battleaxe (weapon)
Missiles
 e - 16 tomahawks (quivered)
Armour
 k - a +0 plate armour
 z - a +2 cloak (worn)
 C - a +1 pair of boots (worn)
 J - the +6 chain mail of Divine Compulsion (worn) {rC+ rCorr Str+4 Dex-4}
   (You found it on level 9 of the Dungeon)

   It affects your strength (+4).
   It affects your dexterity (-4).
   It protects you from cold.
   It protects you from acid and corrosion.
Jewellery
 x - a +4 ring of strength (right claw)
 y - a +5 ring of dexterity (left claw)
 L - a cursed -5 ring of strength
Wands
 b - a wand of teleportation (6/9)
 d - a wand of disintegration (11/24)
 w - a wand of iceblast (15/15)
 A - a wand of flame (13/48)
 B - a wand of flame (32/48)
 E - a wand of iceblast (6/15)
Scrolls
 g - 6 scrolls of remove curse
 i - 7 scrolls of enchant weapon
 n - a scroll of fog
 p - 2 scrolls of identify
 q - 2 scrolls of recharging
 D - a scroll of magic mapping
 F - a scroll of amnesia
 K - a scroll of teleportation
Potions
 f - 3 potions of brilliance
 o - 3 potions of haste
 r - 8 potions of curing
 s - a potion of lignification {unknown}
 t - a potion of cure mutation
 G - a potion of cancellation {unknown}
 I - a potion of agility {unknown}
 M - a potion of invisibility {unknown}
Books
 u - the Tome of Damaging Transmutation
   (You found it on level 7 of the Dungeon)

   Spells                             Type                      Level
   a - Throw Frost                    Conjuration/Ice              2
   b - Stone Arrow                    Conjuration/Earth            3
   c - Petrify                        Transmutation/Earth          4
   d - Delayed Fireball               Conjuration/Fire             7
 H - a book of Annihilations

   Spells                             Type                      Level
   a - Poison Arrow                   Conjuration/Poison           6
   b - Chain Lightning                Conjuration/Air              8
   c - Lehudib's Crystal Spear        Conjuration/Earth            8
   d - Glaciate                       Conjuration/Ice              9
   e - Fire Storm                     Conjuration/Fire             9
Comestibles
 c - 9 bread rations
 h - 2 beef jerkies
 j - 7 meat rations
 m - a slice of pizza
 v - 3 fruits


   Skills:
 + Level 7.4 Fighting
 * Level 10.4 Axes
 - Level 1.0 Throwing
 * Level 11.2 Armour
 + Level 3.3 Dodging
 + Level 0.4 Stealth
 + Level 2.8 Invocations


You had 10 spell levels left.
You didn't know any spells.

Dungeon Overview and Level Annotations

Branches:
Dungeon (10/15)            Temple (0/1) D:4             Orc (2/2) D:10
    Elf (0/3) Orc:2
   Lair: D:8-11

Altars:
Cheibriados
Fedhas
Gozag
Okawaru
Pakellas
Qazlal
Ru
Trog
Yredelemnul
Beogh

Shops:
D:6 *%*[   D:8 :   D:9 *   Orc:2 :


Innate Abilities, Weirdness & Mutations

You have claws for hands.
You are partially covered in sharp spines.
Your movements are slightly less encumbered by armour (ER -2).
You are dopey. (Int -2)
Your flesh is heat resistant.
Your natural rate of healing is unusually fast.


Message History

* * * LOW HITPOINT WARNING * * *
Drink which item? (? for menu, Esc to quit)
You feel much better.
The orc warrior hits you with a long sword!
The orc sorcerer hits you with a dagger.
The orc knight hits you but does no damage.
The sun demon is struck by your spines. The sun demon hits you!
* * * LOW HITPOINT WARNING * * *
You are engulfed in flames.
You resist.
* * * LOW HITPOINT WARNING * * *
The orc priest hits you but does no damage.
Space bends around you!
You blink.
* * * LOW HITPOINT WARNING * * *
You feel slightly more hungry.
An orc warrior, an orc priest, 3 orc high priests and 2 orc sorcerers come into view.
The orc warrior shouts!
The orc high priest shouts!
The orc priest shouts!
The orc sorcerer shouts!
The orc high priest shouts!
The orc sorcerer shouts!
The orc high priest invokes the aid of Beogh against you.
Beogh smites you!
You die...

...#####...#.#.## ##........
.....##.........# #.........
......##..#....## ##.........
..............## #..........
...............# ##.........
....##.#......#########..........
....###....######...##...........
.........### ##...o..##..........
.........## #..@.o.oo##.........
..........##..÷..##o§3.#.........
..........##....####...##........
.........##...o. #....#........
.........#÷.÷÷o÷ ##............
.........#...oo. #............
)........#..o.§. ###.....)......
.........#..o..o #.#.......))...
........## #.#............


You could see an orc knight, 3 orc high priests, a sun demon, 3 orc sorcerers, 3
orc warriors and 2 orc priests.

Vanquished Creatures
  Erolcha (D:10)
  An orc knight (Orc:1)
  A hill giant (D:6)
  A wizard (D:10)
  A gargoyle (D:10)
  Psyche (D:10)
  3 trolls
  A spriggan (D:9)
  4 yaks (D:9)
  A wyvern (D:8)
  Eustachio (D:5)
  A hippogriff (D:8)
  A warg (Orc:2)
  A mottled dragon (D:10)
  Menkaure (D:6)
  A water moccasin (D:10)
  11 orc warriors
  2 ice beasts
  10 ogres
  A black bear (D:7)
  2 phantoms (D:4)
  2 sky beasts
  3 centaurs
  2 crocodiles
  Blork the orc (D:5)
  A big kobold (D:8)
  3 giant frogs
  3 scorpions
  14 killer bees
  3 howler monkeys
  3 crimson imps
  A centaur zombie (D:6)
  5 giant frog skeletons
  A gnoll shaman (D:9)
  6 hounds
  13 orc priests
  An iguana (D:4)
  2 centaur skeletons
  12 orc wizards
  Natasha (thrice) (D:2)
  6 worker ants
  2 hound skeletons
  A hound zombie (D:7)
  2 worker ant zombies
  3 gnolls (D:9)
  A howler monkey skeleton (D:5)
  7 adders
  3 shadow imps
  An ooze (D:3)
  2 adder skeletons
  7 worms
  3 dart slugs
  4 giant geckos
  67 orcs
  A ball python (D:8)
  6 giant cockroaches
  5 goblins
  9 hobgoblins
  16 jackals
  11 kobolds
  5 quokkas
  7 bats
  A giant gecko skeleton (D:9)
  4 giant newts
  A jackal zombie (D:6)
  2 quokka skeletons
  A quokka zombie (D:5)
  10 rats
314 creatures vanquished.

Vanquished Creatures (others)
  A stone giant (Orc:2)
  A crocodile (D:5)
  2 plants (D:3)
4 creatures vanquished.

Grand Total: 318 creatures vanquished

Notes
Turn   | Place    | Note
--------------------------------------------------------------
     0 | Abyss:1  | Gargoyl the Demonspawn Abyssal Knight began the quest for the Orb.
     0 | Abyss:1  | Reached XP level 1. HP: 18/18 MP: 2/2
    55 | Abyss:1  | Noticed a flying skull
    64 | D:1      | Escaped the Abyss
   160 | D:1      | Reached skill level 2 in Armour
   160 | D:1      | Gained mutation: You have sharp fingernails. [demonic ancestry]
   160 | D:1      | Reached XP level 2. HP: 9/24 MP: 3/3
   166 | D:1      | Reached * piety under Lugonu
   468 | D:1      | Reached skill level 1 in Dodging
   811 | D:2      | Reached XP level 3. HP: 19/29 MP: 3/5
  1159 | D:2      | Noticed Natasha
  1179 | D:2      | Killed Natasha
  1371 | D:2      | Reached XP level 4. HP: 35/35 MP: 6/6
  1399 | D:2      | Reached skill level 3 in Armour
  1410 | D:2      | Reached ** piety under Lugonu
  1870 | D:2      | Noticed Natasha
  1884 | D:2      | Killed Natasha
  2297 | D:2      | Noticed Natasha
  2308 | D:2      | Killed Natasha
  2308 | D:2      | Gained mutation: You are partially covered in sharp spines. [demonic ancestry]
  2308 | D:2      | Reached XP level 5. HP: 24/41 MP: 7/7
  2676 | D:3      | Reached skill level 4 in Armour
  2796 | D:3      | Found a bloodstained altar of Trog.
  3063 | D:3      | Reached *** piety under Lugonu
  3541 | D:4      | Gained mutation: You have very sharp fingernails. [demonic ancestry]
  3541 | D:4      | Reached XP level 6. HP: 47/48 MP: 8/8
  3648 | D:4      | Reached skill level 5 in Armour
  3916 | D:4      | Gained mutation: Your movements are slightly less encumbered by armour (ER -2). [demonic ancestry]
  3916 | D:4      | Reached XP level 7. HP: 50/53 MP: 9/9
  3964 | D:4      | Reached skill level 6 in Armour
  4070 | D:4      | Found a staircase to the Ecumenical Temple.
  4280 | D:4      | Reached **** piety under Lugonu
  4371 | D:5      | Entered Level 5 of the Dungeon
  4433 | D:5      | Noticed Blork the orc
  4439 | D:5      | Killed Blork the orc
  4439 | D:5      | Reached skill level 7 in Armour
  4439 | D:5      | Reached XP level 8. HP: 60/61 MP: 10/10
  4645 | D:5      | Found an oddly glowing altar of Pakellas.
  4645 | D:5      | Noticed an orange crystal statue
  4727 | D:5      | Noticed Eustachio
  4843 | D:5      | Reached skill level 1 in Throwing
  4962 | D:5      | Killed Eustachio
  5010 | D:6      | Found Fikutit's Assorted Antiques.
  5017 | D:6      | Reached skill level 5 in Fighting
  5095 | D:6      | Bought a potion of curing for 63 gold pieces
  5137 | D:6      | Noticed Menkaure
  5359 | D:6      | Killed Menkaure
  5359 | D:6      | Reached skill level 5 in Axes
  5532 | D:6      | Found a basalt altar of Yredelemnul.
  5539 | D:6      | Reached skill level 8 in Armour
  5569 | D:6      | Found an opulent altar of Gozag.
  5623 | D:6      | Found Orchusmuta's Food Emporium.
  5874 | D:6      | Reached ***** piety under Lugonu
  5874 | D:6      | Gained mutation: You have claws for hands. [demonic ancestry]
  5874 | D:6      | Reached XP level 9. HP: 68/68 MP: 11/11
  5875 | D:6      | Found Muoq's Armour Shoppe.
  5884 | D:6      | Bought a +1 pair of boots for 172 gold pieces
  6120 | D:6      | Gained mutation: You occasionally shout uncontrollably at your foes. [mutagenic meat]
  6121 | D:6      | Gained mutation: You are resistant to hostile enchantments. [mutagenic meat]
  6122 | D:6      | Gained mutation: You are frail (-10% HP). [mutagenic meat]
  6123 | D:6      | Gained mutation: You expend magic power (3 MP) to strengthen your wands. [mutagenic meat]
  6124 | D:6      | Gained mutation: Potions and wands are less effective at restoring your health. [mutagenic meat]
  6134 | D:6      | Lost mutation: You expend magic power (3 MP) to strengthen your wands. [potion of cure mutation]
  6134 | D:6      | Lost mutation: You are resistant to hostile enchantments. [potion of cure mutation]
  6134 | D:6      | Lost mutation: You are frail (-10% HP). [potion of cure mutation]
  6134 | D:6      | Lost mutation: You occasionally shout uncontrollably at your foes. [potion of cure mutation]
  6134 | D:6      | Lost mutation: Potions and wands are less effective at restoring your health. [potion of cure mutation]
  6158 | D:6      | Found Yllijide's General Store.
  6161 | D:6      | Noticed a hill giant
  6174 | D:6      | Killed a hill giant
  6332 | D:6      | Bought a potion of mutation for 32 gold pieces
  6333 | D:6      | Gained mutation: Your natural rate of healing is unusually fast. [potion of mutation]
  6333 | D:6      | Gained mutation: You are dopey. (Int -2) [potion of mutation]
  6333 | D:6      | Gained mutation: Your flesh is heat resistant. [potion of mutation]
  6565 | D:7      | Reached skill level 9 in Armour
  7146 | D:7      | Found a bloodstained altar of Trog.
  7146 | D:7      | Found a stormy altar of Qazlal.
  7147 | D:7      | Found a blossoming altar of Fedhas.
  7147 | D:7      | Found a snail-covered altar of Cheibriados.
  7165 | D:7      | Found an oddly glowing altar of Pakellas.
  7232 | D:7      | Identified the Tome of Damaging Transmutation
  7880 | D:8      | Found an iron altar of Okawaru.
  7880 | D:8      | Found a sacrificial altar of Ru.
  7925 | D:8      | Reached XP level 10. HP: 66/76 MP: 12/12
  8137 | D:8      | Found Kegg's Book Boutique.
  8423 | D:9      | Reached skill level 10 in Armour
  8631 | D:9      | Got a brightly glowing chain mail
  8632 | D:9      | Identified the +6 chain mail of Divine Compulsion {rC+ rCorr Str+4 Dex-4} (You found it on level 9 of the Dungeon)
  8841 | D:9      | Found Yna Tise's General Store.
  8849 | D:9      | Bought a potion of heal wounds for 60 gold pieces
  8940 | D:10     | Entered Level 10 of the Dungeon
  8942 | D:10     | Noticed a wizard
  8979 | D:10     | Killed a wizard
  9090 | D:10     | Noticed a gargoyle
  9109 | D:10     | Killed a gargoyle
  9673 | D:10     | Noticed Psyche
  9677 | D:10     | Noticed Erolcha
  9681 | D:10     | Killed Psyche
  9682 | D:10     | Reached XP level 11. HP: 84/84 MP: 13/13
  9691 | D:10     | Killed Erolcha
  9897 | D:10     | Reached ****** piety under Lugonu
  9968 | D:10     | Found a staircase to the Orcish Mines.
 10084 | Orc:1    | Entered Level 1 of the Orcish Mines
 10207 | Orc:2    | Entered Level 2 of the Orcish Mines
 10456 | Orc:2    | Reached skill level 10 in Axes
 10523 | Orc:2    | Found a roughly hewn altar of Beogh.
 10564 | Orc:2    | Found Wanul's Book Boutique.
 10602 | Orc:2    | Reached skill level 11 in Armour
 10711 | Orc:2    | Noticed a stone giant
 10715 | Orc:2    | Banished a stone giant
 10717 | Orc:2    | Noticed an orc knight
 10823 | Orc:1    | Killed an orc knight
 11295 | Orc:2    | Found a staircase to the Elven Halls.
 11402 | Orc:2    | Noticed an orc knight
 11409 | Orc:2    | Noticed an orc sorcerer
 11412 | Orc:2    | Paralysed by an orc sorcerer for 5 turns
 11413 | Orc:2    | Noticed a sun demon
 11419 | Orc:2    | HP: 4/84 [orc priest/divine providence (11)]
 11422 | Orc:2    | Noticed an orc high priest
 11422 | Orc:2    | Noticed an orc high priest
 11422 | Orc:2    | Noticed an orc sorcerer
 11422 | Orc:2    | Noticed an orc high priest
 11422 | Orc:2    | Noticed an orc sorcerer
 11422 | Orc:2    | Killed from afar by an orc high priest

Skill      XL: |  1  2  3  4  5  6  7  8  9 10 11 |
---------------+----------------------------------+-----
Armour         | 2 3 4 5 7 8 9 10 11 | 11.2
Axes           | 2 3 5 7 9 10 | 10.4
Dodging        | 1 2 3 |  3.3
Fighting       | 4 5 7 |  7.4
Throwing       | 1 |  1.0
Stealth        | |  0.4
Invocations    | |  2.8

Action                   |  1- 3 |  4- 6 |  7- 9 | 10-12 || total
-------------------------+-------+-------+-------+-------++-------
Melee: Hand axe          |   121 |   119 |       |       ||   240
       War axe           |       |    51 |   227 |   143 ||   421
       Battleaxe         |       |       |       |   133 ||   133
Throw: Tomahawk          |       |       |    12 |       ||    12
Invok: Depart the Abyss  |     1 |       |       |       ||     1
       Bend Space        |       |       |       |     1 ||     1
       Banish            |       |       |       |     1 ||     1
  Use: Potion            |     5 |       |     6 |     5 ||    16
       Scroll            |       |       |    14 |     2 ||    16
  Eat: Chunk             |     2 |     6 |    18 |     5 ||    31
       Fruit             |       |     4 |       |     4 ||     8
       Bread ration      |       |       |       |     1 ||     1
Armor: Scale mail        |    33 |       |       |       ||    33
       Plate armour      |    57 |   126 |   208 |    49 ||   440
       Chain mail        |       |       |       |   200 ||   200
Dodge: Dodged            |    61 |    29 |   119 |   149 ||   358
